 Dungeon Crawl Stone Soup version 0.29-a0-304-gb34f9e133a (webtiles) character file.

Game seed: 3176994542451981595

260 patates123 the Slasher (level 6, -5/48 HPs)
             Began as a Human Cinder Acolyte on Mar 26, 2022.
             Was an Initiate of Ignis.
             Slain by Terence
             ... wielding a +0 flail
              (8 damage)
             ... on level 2 of the Dungeon.
             The game lasted 00:27:47 (2614 turns).

patates123 the Slasher (Human Cinder Acolyte)       Turns: 2614, Time: 00:27:48

Health: -5/48      AC:  1    Str: 17    XL:     6   Next: 41%
Magic:  8/8        EV: 11    Int: 14    God:    Ignis [......]
Gold:   163        SH:  0    Dex:  8    Spells: 3/8 levels left

rFire   + . .      SeeInvis .   a - -1 falchion (flame)
rCold   . . .      Faith    .   (no shield)
rNeg    . . .      Spirit   .   g - +0 leather armour
rPois   .          Reflect  .   (no helmet)
rElec   +          Harm     .   (no cloak)
rCorr   .          Rampage  .   (no gloves)
Will    .....                   (no boots)
Stlth   +.........              (no amulet)
HPRegen 0.16/turn               (no ring)
MPRegen 0.11/turn               (no ring)

@: flying
A: deformed body, electricity resistance
a: Renounce Religion


You were on level 2 of the Dungeon.
You worshipped Ignis.
Ignis was noncommittal.
You visited 1 branch of the dungeon, and saw 3 of its levels.

You collected 163 gold pieces.

Inventory:

Hand Weapons
 a - a -1 falchion of flaming (weapon)
 e - a +0 dagger
 j - a +0 dagger
 m - a +0 hand axe
Missiles
 i - 6 silver boomerangs
Armour
 b - a +0 robe
 g - a +0 leather armour (worn)
 l - a +0 robe
Scrolls
 c - a scroll of identify {unknown}
 d - a scroll of torment {unknown}


   Skills:
 + Level 4.0 Fighting
 + Level 4.3 Long Blades
 + Level 2.1 Armour
 + Level 1.1 Dodging
 + Level 0.1 Stealth
 + Level 1.6 Spellcasting
 + Level 4.0 Fire Magic


You had 3 spell levels left.
You knew the following spells:

 Your Spells              Type           Power      Damage    Failure   Level
a - Scorch                Fire           24%        2d6       9%          2
b - Conjure Flame         Conj/Fire      6%         6-21      36%         3

Your spell library contained the following spells:

 Spells                   Type           Power      Damage    Failure   Level
 Ignite Poison            Fire/Tmut/Pois 4%         N/A       45%         3
 Sticky Flame             Conj/Fire      6%         2d3       77%         4


Dungeon Overview and Level Annotations

Branches:
Dungeon (3/15)

Altars:

Shops:
D:2 :

Annotations:
D:2 Terence


Innate Abilities, Weirdness & Mutations

Armour fits poorly on your strangely shaped body.
You are resistant to electric shocks. (rElec)


Message History

You hit Terence but do no damage. Terence closely misses you.
You hit Terence but do no damage. Terence closely misses you.
You hit Terence but do no damage. Terence barely misses you.
You hit Terence but do no damage. Terence hits you with a +0 flail.
Terence attacks as you move away! Terence hits you with a +0 flail!
Terence attacks as you move away! Terence misses you.
Terence attacks as you move away! Terence misses you.
Things that are here:
a +0 dagger; an orc corpse
There is a stone staircase leading up here.
Terence closely misses you.
You climb upwards.
There is a stone staircase leading down here.
Terence attacks as you move away! Terence barely misses you.
Terence attacks as you move away! Terence hits you with a +0 flail.
Terence shouts, "Now you die!" Terence attacks as you move away!
Terence hits you with a +0 flail. Terence attacks as you move away!
Terence hits you with a +0 flail.
It was a potion of curing.
You feel better. Terence barely misses you.
You hit Terence but do no damage. Terence hits you with a +0 flail!
You closely miss Terence. Terence hits you with a +0 flail.
* * * LOW HITPOINT WARNING * * *
You hit Terence but do no damage. Terence hits you with a +0 flail.
* * * LOW HITPOINT WARNING * * *
Terence attacks as you move away! Terence hits you with a +0 flail.
* * * LOW HITPOINT WARNING * * *
You feel better. Terence hits you with a +0 flail.
* * * LOW HITPOINT WARNING * * *
It was a potion of flight.
You feel very buoyant.
You fly up into the air.
Terence hits you with a +0 flail!
* * * LOW HITPOINT WARNING * * *
It was a potion of mutation.
You feel extremely strange.
Your body twists and deforms.
You feel insulated. Terence barely misses you.
You hit Terence but do no damage. Terence hits you with a +0 flail.
* * * LOW HITPOINT WARNING * * *
Terence attacks as you move away! Terence closely misses you.
Terence attacks as you move away! Terence hits you with a +0 flail!
You die...

#.............##................
#.............##................
#.......##....##......#....#....
#.......##......#.#####.........
#.......##......#...###.........
#..(....#####..............)....
#...............................
######..........................
#.........@@.........>.....
#.........#..........###...
#.........#............#...
#.........#............#...
#......................#...
#......................#...
#......................#...
#.............(.....<..#...
#########..............####


You could see Terence.

Vanquished Creatures
  Sigmund (D:2)
  An orc priest (D:3)
  Jessica (D:2)
  A worm (D:2)
  A dart slug (D:1)
  3 orcs (D:3)
  4 ball pythons
  2 endoplasms
  4 goblins
  2 hobgoblins
  3 jackals (D:2)
  3 bats
  5 frilled lizards
  4 kobolds (D:1)
  3 rats
38 creatures vanquished.

Vanquished Creatures (others)
  63 foxfires
63 creatures vanquished.

Grand Total: 101 creatures vanquished

Notes
Turn   | Place    | Note
-------+----------+-------------------------------------------
     0 | D:1      | patates123 the Human Cinder Acolyte began the quest for the
                  | Orb.
     0 | D:1      | Reached XP level 1. HP: 18/18 MP: 2/2
    87 | D:1      | Reached XP level 2. HP: 23/24 MP: 3/3
   387 | D:1      | Learned a level 2 spell: Scorch
   720 | D:2      | Reached XP level 3. HP: 29/29 MP: 1/4
  1133 | D:2      | Noticed Sigmund
  1140 | D:2      | Killed Sigmund
  1141 | D:2      | Reached skill level 1 in Armour
  1141 | D:2      | Reached XP level 4. HP: 17/37 MP: 2/6
  1141 | D:2      | Reached XP level 5. HP: 20/42 MP: 2/7
  1402 | D:2      | Found Kauvec's Book Shoppe.
  1693 | D:2      | Reached skill level 1 in Dodging
  1694 | D:2      | Reached XP level 6. HP: 46/48 MP: 8/8
  1725 | D:2      | Noticed Jessica
  1734 | D:2      | Killed Jessica
  2020 | D:2      | Learned a level 3 spell: Conjure Flame
  2574 | D:3      | Noticed Terence
  2606 | D:2      | Gained mutation: Armour fits poorly on your strangely
                  | shaped body. [potion of mutation]
  2606 | D:2      | Gained mutation: You are resistant to electric shocks.
                  | (rElec) [potion of mutation]
  2607 | D:2      | HP: 2/48 [Terence/+0 flail (1)]
  2614 | D:2      | Slain by Terence

Illustrated notes

Levels and vault maps discovered:
D:1:      amcnicky_arrival_wind_blow, layout_loops_cross,
          chequers_ecumenical_altar_simple_redux, minmay_hexomino_u4
D:2:      layout_basic, serial_shops, shop_fountains, uniq_jessica, uniq_sigmund
D:3:      layout_rooms, nicolae_overflow_crystal_walls, serial_shops,
          nicolae_square_shop, shop, nicolae_shop_behind_doors,
          minmay_misc_feat_ornament, uniq_terence

Skill      XL: |  1  2  3  4  5  6 |
---------------+-------------------+-----
Fighting       | 4 |  4.0
Long Blades    | 4 |  4.3
Armour         | 1 2 |  2.1
Dodging        | 1 |  1.1
Fire Magic     | 4 |  4.0
Stealth        | |  0.1
Spellcasting   | |  1.6

Action                   |  1- 3 |  4- 6 || total
-------------------------+-------+-------++-------
Melee: Falchion          |    31 |    33 ||    64
       Punch             |       |     1 ||     1
 Cast: Scorch            |     5 |     2 ||     7
       Conjure Flame     |       |     3 ||     3
Invok: Foxfire Swarm     |     2 |     3 ||     5
       Fiery Armour      |     2 |     3 ||     5
       Rising Flame      |       |     1 ||     1
  Use: Potion            |       |     4 ||     4
Armor: Robe              |     6 |       ||     6
       Leather armour    |     5 |    16 ||    21
Dodge: Dodged            |    26 |    45 ||    71

Table legend: (Time is in decaauts)
 A = Elapsed time spent in this place.
 B = Non-inter-level travel time spent in this place.
 C = Inter-level travel time spent in this place.
 D = Time resting spent in this place.
 E = Time spent auto-exploring this place.
 F = Levels seen in this place.
 G = Mean time per level.
                   A        B        C        D        E       F      G
               +--------+--------+--------+--------+--------+-----+--------+
         Total |   2622 |   2622 |      0 |   1041 |    310 |   3 |  874.0 |
       Dungeon |   2622 |   2622 |      0 |   1041 |    310 |   3 |  874.0 |
               +--------+--------+--------+--------+--------+-----+--------+

Top non-repeatable levels by time:
     D:2: 1892 daAuts
     D:1: 599 daAuts
     D:3: 130 daAuts
